Map: Lost and Found LE

Players

HuT - Winner!

  • Race: Terran Terran
  • Spawn Location: 1:00

Clem

  • Race: Terran Terran
  • Spawn Location: 7:00

Event: WCS Montreal 2018

VOD

Have the link to the VOD?

Description

Time

  • Played on: Sept. 7, 2018, 8:05 p.m.
  • Length: 14:24

All games in this series

Show
View Real Time Build Order
Export as new Build Order

HuT Terran - Winner!

Build Orders: Cyclone Opening, Bio Tank 

Get SALT Encoding   

  12  0:00  SCV  
  13  0:12  SCV  
  14  0:17  Supply Depot  
  14  0:25  SCV  
  15  0:29  Refinery  
  15  0:38  SCV  
  16  0:44  Barracks  
  16  0:50  SCV  
  16  0:56  Refinery  
  17  1:02  SCV  
  18  1:15  SCV  
  19  1:31  Factory, Orbital Command  
  19  1:35  Reaper  
  20  1:44  Supply Depot  
  20  1:57  SCV  
  21  2:07  Reaper  
  22  2:09  SCV  
  23  2:15  Cyclone  
  26  2:28  Command Center  
  26  2:32  SCV  
  27  2:43  Supply Depot  
  27  2:47  Starport  
  27  2:50  Widow Mine  
  29  2:53  Barracks Reactor  
  29  2:57  SCV  
  30  3:09  SCV  
  30  3:11  Cyclone  
  34  3:22  SCV  
  35  3:30  Marine x2  
  35  3:31  Starport Tech Lab  
  37  3:35  SCV  
  37  3:40  Orbital Command  
  38  3:48  SCV, Cloaking Field  
  39  3:49  Marine x2  
  39  3:51  Banshee  
  44  4:00  SCV  
  45  4:07  Marine x2  
  46  4:12  SCV  
  47  4:21  SCV  
  43  4:24  Factory Tech Lab  
  43  4:25  Marine x2  
  43  4:29  Supply Depot  
  45  4:34  SCV x2  
  45  4:36  Banshee  
  50  4:44  Barracks  
  50  4:45  Barracks  
  50  4:47  Siege Tank  
  50  4:48  SCV  
  50  4:50  SCV  
  55  4:54  Supply Depot  
  55  4:59  Supply Depot  
  55  5:02  SCV  
  55  5:07  Barracks Tech Lab  
  52  5:16  SCV x2  
  52  5:19  Siege Tank  
  56  5:28  SCV x2  
  56  5:33  Marine  
  56  5:34  Refinery  
  56  5:35  Refinery  
  59  5:38  Supply Depot x2  
  59  5:39  Stimpack  
  59  5:40  Starport Reactor, SCV  
  59  5:41  SCV  
  59  5:42  Supply Depot  
  61  5:48  Marine  
  61  5:49  Marine x2  
  64  5:50  Marine  
  64  5:54  SCV  
  64  5:55  SCV  
  67  6:01  Siege Tank  
  70  6:06  Marine x2  
  70  6:07  SCV, Marine  
  70  6:08  Marine  
  70  6:10  Combat Shields  
  75  6:16  Supply Depot x2  
  75  6:19  SCV  
  75  6:20  SCV  
  75  6:22  Medivac  
  75  6:24  Marine x3  
  82  6:26  Marine  
  82  6:29  Medivac  
  85  6:34  Supply Depot  
  85  6:38  Engineering Bay  
  85  6:39  Engineering Bay, SCV x2  
  87  6:42  Marine x3  
  87  6:44  Marine  
  87  6:45  Siege Tank  
  91  6:56  Supply Depot  
  91  7:00  Marine x3  
  94  7:02  Medivac x2  
  94  7:04  Marine  
  94  7:07  Supply Depot  
  94  7:08  Supply Depot  
  99  7:10  Terran Infantry Weapons Level 1  
  99  7:17  Command Center  
  99  7:28  SCV x2, Marine  
  99  7:29  Marine x2  
  103  7:39  Marine  
  103  7:40  SCV x2  
  106  7:46  Marine x2  
  106  7:47  Marine  
  109  7:52  SCV x2  
  109  7:57  Marine  
  112  8:04  SCV x2, Siege Tank, Marine x3  
  113  8:15  Marine  
  113  8:16  SCV  
  114  8:22  Marine x3  
  114  8:24  Medivac x2  
  120  8:28  Orbital Command  
  120  8:33  Marine  
  121  8:39  SCV x2  
  121  8:40  Marine x3  
  126  8:47  Terran Infantry Armor Level 1  
  126  8:49  Armory  
  126  8:51  SCV x2, Marine  
  129  8:57  Medivac, Marine  
  129  8:58  Marine x2  
  129  9:01  Barracks x2  
  129  9:02  Factory  
  135  9:10  Supply Depot  
  135  9:11  Refinery x2, Supply Depot  
  135  9:15  Siege Tank, Marine  
  135  9:16  Marine x2  
  140  9:21  Barracks Reactor  
  139  9:33  Marine x2  
  139  9:34  Medivac x2, Marine  
  146  9:42  SCV x2  
  148  9:47  Siege Tank  
  148  9:51  Marine x3  
  151  9:54  Factory Tech Lab  
  151  9:55  Barracks Reactor  
  151  9:56  Barracks Reactor  
  151  10:01  Command Center, Marine  
  151  10:02  Marine  
  153  10:09  Marine x3  
  153  10:14  Siege Tank  
  159  10:19  Siege Tank, Marine x2  
  159  10:20  Terran Infantry Weapons Level 2  
  159  10:21  Terran Vehicle Weapons Level 1  
  164  10:26  Supply Depot  
  164  10:27  Marine x3  
  167  10:34  Marine  
  168  10:40  Marine  
  165  10:47  Marine x7  
  175  10:50  Siege Tank  
  175  10:52  Marine, Siege Tank  
  179  10:58  Medivac x2  
  179  11:00  Marine  
  183  11:04  Marine  
  183  11:05  Marine x2  
  183  11:07  Marine x3  
  189  11:13  Marine x2  
  189  11:18  Marine  
  184  11:22  Marine  
  184  11:23  Marine x2  
  184  11:24  Siege Tank x2  
  184  11:25  Marine x3  
  145  11:30  Marine x2  
  145  11:35  Marine  
  145  11:40  Marine  
  145  11:44  Marine x4  
  139  11:48  Marine x2  
  139  11:51  Viking x2  
  135  11:55  Marine  
  135  11:56  Siege Tank x2  
  128  12:04  Marine  
  118  12:21  Viking x2  
  122  12:23  Marine x2  
  122  12:27  Marine x2  
  122  12:28  Siege Tank x2  
  122  12:29  Marine  
  103  12:41  Marine, Orbital Command  
  103  12:42  Marine  
  93  12:45  Marine  
  93  13:31  Marine x2  
  93  13:33  Marine x2  
  93  13:34  Marine  
  98  13:47  Siege Tank  
  101  13:53  Marine x2  
  101  13:55  Marine  
  104  14:02  Marine  
  105  14:06  Marine  
Show
View Real Time Build Order
Export as new Build Order

Clem Terran 

Build Orders: Cyclone Opening 

Get SALT Encoding   

  12  0:00  SCV  
  13  0:12  SCV  
  14  0:17  Supply Depot  
  14  0:24  SCV  
  15  0:32  Refinery  
  15  0:38  SCV  
  16  0:44  Barracks  
  16  0:50  SCV  
  16  0:55  Refinery  
  17  1:02  SCV  
  18  1:15  SCV  
  19  1:32  Reaper, Orbital Command  
  20  1:35  Factory  
  20  1:42  Supply Depot  
  20  1:57  SCV  
  21  2:04  Reaper  
  22  2:09  SCV  
  23  2:18  Cyclone  
  26  2:23  SCV  
  26  2:29  Command Center  
  27  2:36  SCV  
  28  2:38  Supply Depot  
  28  2:40  Barracks Reactor  
  28  2:51  SCV  
  29  3:00  Cyclone  
  29  3:03  SCV  
  33  3:15  SCV  
  34  3:27  SCV  
  35  3:39  SCV  
  35  3:41  Cyclone x2  
  42  3:42  Orbital Command  
  42  3:52  SCV  
  42  3:53  Starport  
  43  3:58  Barracks Tech Lab  
  43  4:04  SCV  
  43  4:06  Command Center  
  43  4:09  SCV  
  45  4:16  SCV  
  46  4:21  SCV  
  39  4:28  SCV  
  40  4:31  Cyclone  
  40  4:32  Marine  
  40  4:33  SCV, Marine  
  40  4:34  Starport Reactor  
  40  4:35  Viking  
  48  4:39  Supply Depot  
  48  4:40  SCV  
  48  4:41  Engineering Bay  
  48  4:45  SCV  
  50  4:50  Marine x2  
  50  4:52  SCV  
  53  4:57  SCV  
  54  5:00  Refinery  
  54  5:01  Refinery  
  54  5:04  Engineering Bay  
  54  5:09  Siege Tank  
  54  5:11  Marine x2  
  54  5:12  SCV  
  58  5:15  Starport Tech Lab  
  58  5:16  SCV  
  58  5:21  Missile Turret, Orbital Command  
  59  5:28  SCV  
  59  5:29  SCV, Marine x2  
  59  5:34  Raven  
  65  5:39  Missile Turret  
  65  5:42  Siege Tank  
  68  5:45  SCV x2  
  68  5:49  Marine x2  
  72  5:52  SCV  
  73  5:58  SCV, Terran Infantry Weapons Level 1, Supply Depot  
  73  6:00  Terran Infantry Armor Level 1  
  74  6:05  Barracks  
  72  6:11  Barracks  
  72  6:13  SCV x2  
  72  6:14  SCV  
  75  6:19  Raven  
  75  6:20  Supply Depot  
  77  6:26  Marine  
  77  6:27  Marine, Supply Depot  
  77  6:28  SCV  
  77  6:31  SCV  
  77  6:32  SCV  
  82  6:38  Siege Tank  
  85  6:44  Marine  
  85  6:45  Marine, Supply Depot  
  87  6:47  SCV  
  87  6:51  SCV  
  87  6:52  SCV  
  90  6:59  Barracks Reactor  
  90  7:02  Marine  
  90  7:03  Marine  
  90  7:05  Supply Depot  
  90  7:07  Supply Depot  
  92  7:11  Starport Reactor  
  92  7:12  Marine  
  92  7:13  Stimpack  
  92  7:15  Missile Turret  
  93  7:18  Supply Depot  
  93  7:20  Marine  
  93  7:21  Missile Turret, Marine  
  95  7:30  Marine, Supply Depot  
  95  7:35  Siege Tank  
  95  7:36  Marine  
  95  7:37  Marine  
  99  7:38  Marine  
  99  7:41  Marine  
  99  7:43  Supply Depot  
  102  7:52  Orbital Command  
  102  7:53  Marine  
  102  7:56  Marine  
  104  8:01  Marine  
  104  8:04  Marine  
  106  8:07  Siege Tank  
  106  8:10  Marine  
  110  8:14  Marine  
  110  8:15  Armory  
  110  8:19  Marine  
  112  8:24  Medivac  
  114  8:30  Barracks Reactor  
  114  8:31  Marine  
  114  8:32  Marine  
  115  8:36  Marine  
  115  8:38  Orbital Command  
  115  8:39  Siege Tank  
  119  8:41  Barracks  
  119  8:42  Barracks  
  119  8:43  SCV x2  
  121  8:49  Marine  
  121  8:50  Marine  
  121  8:54  Missile Turret, Marine  
  124  9:00  Sensor Tower  
  124  9:01  Missile Turret x2  
  124  9:07  Marine  
  124  9:08  Medivac, Marine  
  128  9:11  Medivac  
  128  9:12  Widow Mine, Marine  
  128  9:13  SCV  
  128  9:14  Combat Shields  
  134  9:19  SCV x2  
  134  9:21  Marine  
  134  9:22  Supply Depot  
  134  9:24  Marine  
  136  9:25  Marine x2  
  136  9:28  Barracks Reactor  
  136  9:29  Barracks Reactor  
  136  9:30  Marine  
  139  9:33  SCV x3  
  142  9:39  Marine  
  142  9:40  Factory  
  142  9:41  Marine, Refinery  
  142  9:42  Marine  
  142  9:43  Marine, Refinery  
  145  9:45  SCV  
  145  9:46  Siege Tank  
  145  9:48  Marine  
  146  9:56  Supply Depot  
  146  9:57  Marine, Supply Depot  
  146  9:59  Marine  
  148  10:00  Marine  
  148  10:01  Marine  
  148  10:03  Medivac x2  
  148  10:04  SCV x2  
  148  10:06  Marine  
  157  10:18  SCV x2, Marine x6  
  157  10:19  Marine  
  166  10:21  Supply Depot  
  166  10:27  Terran Infantry Weapons Level 2, Terran Infantry Armor Level 2  
  158  10:37  Liberator x2  
  158  10:39  Command Center  
  158  10:42  Marine  
  159  10:53  Sensor Tower  
  159  10:55  Siege Tank  
  167  11:00  Terran Vehicle Weapons Level 1  
  167  11:02  Marine  
  167  11:03  Marine  
  169  11:05  Marine, Supply Depot  
  169  11:06  Marine x2  
  169  11:09  Marine  
  169  11:11  Factory Tech Lab  
  118  11:25  Marine  
  118  11:26  Marine x5  
  118  11:28  Siege Tank  
  118  11:29  Marine  
  123  11:34  Marine x2  
  123  11:37  Medivac  
  127  11:44  Marine x2  
  124  11:50  Marine x2  
  96  12:10  Marine x2  
  88  12:28  Marine  
  81  12:39  Barracks  
  69  12:49  Barracks  
  69  12:50  Barracks  
  69  12:52  Planetary Fortress  
  60  13:20  Barracks  
  60  13:28  Marine  
  60  13:29  Refinery x2  
  30  14:19  Barracks  
Tags
 
Add a new tag
Caveats
  • Supply blocks, unpowered buildings, or Contaminate may cause inaccurate times.
  • Supply counts are checked every 10 seconds.